 Dungeon Crawl Stone Soup version 0.17.0-17-ge4ba49f (webtiles) character file.

1927 Ordine the Cruncher (level 8, -3/66 HPs)
             Began as a Minotaur Gladiator on Nov 11, 2015.
             Was a Priest of Okawaru.
             Slain by a hill giant
             ... wielding a +0 giant club
              (22 damage)
             ... on level 7 of the Dungeon.
             The game lasted 00:22:11 (6338 turns).

Ordine the Cruncher (Minotaur Gladiator)            Turns: 6338, Time: 00:22:11

Health: -3/66      AC: 17    Str: 20    XL:     8   Next: 96%
Magic:  9/9        EV:  9    Int:  5    God:    Okawaru [***...]
Gold:   307        SH:  0    Dex: 13    Spells: 0 memorised, 7 levels left

rFire  . . .     SeeInvis .     a - +0 quarterstaff
rCold  . . .     Clarity  .     o - +0 chain mail
rNeg   . . .     SustAt   .     (shield currently unavailable)
rPois  .         Gourm    .     q - +1 hat
rElec  .         Spirit   .     (no cloak)
rCorr  .         Warding  .     (no gloves)
rMut   .         Stasis   .     g - +0 pair of boots
MR     .....                    l - amulet of regeneration
Stlth  ..........               i - ring of invisibility
                                c - +4 ring of protection

@: not resistant to hostile enchantments, extremely unstealthy
A: retaliatory headbutt, horns 2, thin metallic scales 1
a: Heroism, Renounce Religion, Evoke Invisibility


You were on level 7 of the Dungeon.
You worshipped Okawaru.
Okawaru was most pleased with you.
You were not hungry.

You visited 2 branches of the dungeon, and saw 9 of its levels.

You collected 307 gold pieces.

Inventory:

Hand Weapons
 a - a +0 quarterstaff (weapon)
Missiles
 d - 3 throwing nets (quivered)
Armour
 g - a +0 pair of boots (worn)
 o - a +0 chain mail (worn)
 q - a +1 hat (worn)
Jewellery
 c - a +4 ring of protection (left hand)
 i - a ring of invisibility (right hand)
 l - an amulet of regeneration (around neck)
Wands
 s - a wand of digging (10)
Scrolls
 f - a scroll of amnesia
 h - 2 scrolls of recharging
 m - 4 scrolls of remove curse
Potions
 b - 5 potions of curing
 j - a potion of mutation {unknown}
 k - a potion of flight
 r - a potion of haste
Comestibles
 e - 8 bread rations
 n - 2 meat rations
 p - 3 beef jerkies


   Skills:
 + Level 4.3 Fighting
 - Level 12.1 Staves
 - Level 2.0 Throwing
 + Level 3.2 Armour
 + Level 4.6 Dodging
 + Level 2.8 Invocations


You had 7 spell levels left.
You didn't know any spells.

Dungeon Overview and Level Annotations

Branches:
Dungeon (8/15)             Temple (1/1) D:4
   Lair: D:8-11

Altars:
Cheibriados
Dithmenos
Elyvilon
Fedhas
Gozag
Kikubaaqudgha
Makhleb
Nemelex Xobeh
Okawaru
Qazlal
Ru
Sif Muna
Vehumet
Xom
Yredelemnul
Zin
The Shining One

Shops:
D:7 :


Innate Abilities, Weirdness & Mutations

You reflexively headbutt those who attack you in melee.
You have a pair of horns on your head.
You are partially covered in thin metallic scales (AC +2).


Message History

You hit the hill giant.
The hill giant is heavily wounded.
The hill giant hits you with a giant club.
You hit the hill giant. You headbutt the hill giant.
The hill giant is severely wounded.
Your chain mail prevents you from hitting the hill giant.
The hill giant is severely wounded.
The hill giant hits you with a giant club!!
* * * LOW HITPOINT WARNING * * *
Drink which item? (? for menu, Esc to quit)
You feel better.
The hill giant hits you with a giant club.
* * * LOW HITPOINT WARNING * * *
You are too injured to fight recklessly!
You barely miss the hill giant. You headbutt the hill giant.
The hill giant is severely wounded.
You hit the hill giant.
The hill giant is severely wounded.
The hill giant hits you with a giant club!!
You die...

.≈≈≈≈≈≈≈................#
.#######..........#.#.###
.#.....#..........#.#.#
.###.###.........)#.#.#
...#.#............#.#.#
...#.#............#.#.#
#.................#.#.#
#...###........C..#.#.# #####
#########.@##.#.# #####.#.#
###################.#.#
....................#.###########
#####################............
#############


You could see a hill giant.

Vanquished Creatures
  A spriggan (D:7)
  Edmund (D:5)
  Duvessa (D:5)
  An ice beast (D:7)
  An eye of draining (D:8)
  2 ogres
  A centaur (D:7)
  2 giant frogs (D:8)
  Dowan (D:5)
  A scorpion (D:8)
  5 killer bees (D:8)
  A crimson imp (D:5)
  A hound (D:5)
  A giant frog skeleton (D:8)
  2 iguanas
  9 worker ants
  5 orc wizards
  A hound zombie (D:5)
  6 adders
  3 gnolls (D:3)
  An ooze (D:7)
  An adder zombie (D:7)
  3 worms
  An adder skeleton (D:4)
  5 giant geckos
  15 orcs
  3 ball pythons
  6 giant cockroaches
  8 hobgoblins
  2 jackals (D:3)
  A quokka (D:3)
  5 bats
  3 giant newts
  6 goblins
  A jackal skeleton (D:8)
  11 kobolds
  6 rats
124 creatures vanquished.

Notes
Turn   | Place    | Note
--------------------------------------------------------------
     0 | D:1      | Ordine the Minotaur Gladiator began the quest for the Orb.
     0 | D:1      | Reached XP level 1. HP: 18/18 MP: 0/0
     2 | D:1      | Noticed a merfolk
     2 | D:1      | Noticed a naga
     4 | D:1      | Noticed an octopode
     4 | D:1      | Noticed a vine stalker
     8 | D:1      | Noticed a vampire
    10 | D:1      | Noticed an ogre
    10 | D:1      | Noticed a troll
    12 | D:1      | Noticed a demigod
    12 | D:1      | Noticed a minotaur
    14 | D:1      | Noticed a spriggan
    14 | D:1      | Noticed an elf
    16 | D:1      | Noticed a gargoyle
    16 | D:1      | Noticed a human
    18 | D:1      | Noticed a felid
    20 | D:1      | Noticed a centaur
    20 | D:1      | Noticed a draconian
    22 | D:1      | Noticed a ghoul
    22 | D:1      | Noticed a tengu
    24 | D:1      | Noticed a formicid
    26 | D:1      | Noticed a demonspawn
    26 | D:1      | Noticed a dwarf
   192 | D:1      | Reached skill level 4 in Staves
   298 | D:1      | Reached XP level 2. HP: 25/25 MP: 1/1
   968 | D:2      | Reached skill level 5 in Staves
  1002 | D:2      | Reached XP level 3. HP: 27/30 MP: 2/2
  1482 | D:2      | Found an ancient bone altar of Kikubaaqudgha.
  1482 | D:2      | Found a shadowy altar of Dithmenos.
  1486 | D:2      | Found a glowing silver altar of Zin.
  1543 | D:3      | Reached XP level 4. HP: 32/37 MP: 3/3
  1611 | D:3      | Reached skill level 6 in Staves
  2191 | D:3      | Found a deep blue altar of Sif Muna.
  2370 | D:4      | Reached XP level 5. HP: 35/42 MP: 4/4
  2400 | D:4      | Gained mutation: You are partially covered in thin metallic scales (AC +2). [potion of beneficial mutation]
  2444 | D:4      | Reached skill level 7 in Staves
  2706 | D:4      | Found a staircase to the Ecumenical Temple.
  2712 | Temple   | Entered the Ecumenical Temple
  2938 | Temple   | Became a worshipper of Warmaster Okawaru
  3212 | D:5      | Entered Level 5 of the Dungeon
  3581 | D:5      | Noticed Edmund
  3597 | D:5      | Killed Edmund
  3597 | D:5      | Reached skill level 8 in Staves
  3597 | D:5      | Reached XP level 6. HP: 35/50 MP: 5/5
  3696 | D:5      | Reached * piety under Okawaru
  3740 | D:5      | Reached skill level 9 in Staves
  4075 | D:5      | Noticed an ogre
  4081 | D:5      | Killed an ogre
  4081 | D:5      | Reached XP level 7. HP: 56/56 MP: 6/6
  4173 | D:5      | Noticed Duvessa
  4174 | D:5      | Noticed Dowan
  4187 | D:5      | Killed Duvessa
  4187 | D:5      | Reached skill level 10 in Staves
  4192 | D:5      | Killed Dowan
  4267 | D:5      | Reached ** piety under Okawaru
  5068 | D:6      | Reached skill level 11 in Staves
  5234 | D:6      | Found a stormy altar of Qazlal.
  5291 | D:7      | Found Vanulame's Book Emporium.
  5476 | D:7      | Reached XP level 8. HP: 62/62 MP: 7/7
  5647 | D:7      | Reached skill level 12 in Staves
  5873 | D:7      | Found a basalt altar of Yredelemnul.
  5970 | D:7      | Noticed a spriggan baker
  5981 | D:7      | Killed a spriggan baker
  5981 | D:7      | Reached skill level 1 in Armour
  5981 | D:7      | Reached skill level 1 in Invocations
  6256 | D:8      | Reached *** piety under Okawaru
  6294 | D:8      | Noticed a hill giant
  6338 | D:7      | Slain by a hill giant

Action                   |  1- 3 |  4- 6 |  7- 9 || total
-------------------------+-------+-------+-------++-------
Melee: Quarterstaff      |    84 |   156 |   194 ||   434
Throw: Throwing net      |       |     1 |     2 ||     3
  Use: Scroll            |     5 |    11 |     2 ||    18
       Potion            |       |     3 |     1 ||     4
 Stab: Invisible         |       |     1 |       ||     1
  Eat: Chunk             |     2 |     9 |     8 ||    19
